 Dungeon Crawl Stone Soup version 0.23.0 (webtiles) character file.

Game seed: 2151211638952774074

418 inmateoo the Insei (level 6, -3/47 HPs)
             Began as a Gnoll Transmuter on Feb 12, 2019.
             Slain by a mummy (9 damage)
             ... in an ossuary.
             The game lasted 00:03:08 (3166 turns).

inmateoo the Insei (Gnoll Transmuter)               Turns: 3166, Time: 00:03:09

Health: -3/47      AC:  2    Str: 12    XL:     6   Next: 93%
Magic:  4/14       EV: 24    Int: 17    God:
Gold:   195        SH:  0    Dex: 21    Spells: 9/15 levels left

rFire    . . .     SeeInvis .     - Unarmed
rCold    . . .     Gourm    .   (shield currently unavailable)
rNeg     . . .     Faith    .   (armour currently unavailable)
rPois    x         Spirit   .   (helmet currently unavailable)
rElec    .         Reflect  .   (cloak currently unavailable)
rCorr    .         Harm     .   (gloves currently unavailable)
MR       .....                  (boots currently unavailable)
Stlth    ++........             (no amulet)
HPRegen  0.15/turn              (no ring)
MPRegen  0.14/turn              (no ring)

@: spider-form
A: tiny, distributed training, strong nose
a: End Transformation


You were in an ossuary.
You were not hungry.
You were a venomous arachnid creature.
You visited 1 branch of the dungeon, and saw 4 of its levels.
You also visited: Ossuary.

You collected 195 gold pieces.

Inventory:

Missiles
 a - 53 arrows
 l - 3 exploding tomahawks (quivered)
Armour
 e - a +0 ring mail (melded)
 k - a scarf of repulsion (melded)
 o - a +0 pair of boots (melded)
Scrolls
 b - 2 scrolls of fog {unknown}
 c - 4 scrolls of teleportation {unknown}
 g - 5 scrolls of identify {unknown}
 i - 2 scrolls of remove curse {unknown}
 n - a scroll of enchant armour {unknown}
 p - a scroll of enchant weapon {unknown}
Potions
 f - a potion of mutation {unknown}
 h - 2 potions of heal wounds {unknown}
 j - a potion of resistance {unknown}
 m - a potion of curing
Comestibles
 d - 8 rations


   Skills:
 + Level 3.3 Fighting
 + Level 2.1 Short Blades
 + Level 2.1 Long Blades
 + Level 2.1 Axes
 + Level 2.1 Maces & Flails
 + Level 2.1 Polearms
 + Level 2.1 Staves
 + Level 2.1 Slings
 + Level 2.1 Bows
 + Level 2.1 Crossbows
 + Level 2.1 Throwing
 + Level 2.1 Armour
 + Level 5.0 Dodging
 + Level 2.1 Stealth
 + Level 2.1 Shields
 + Level 6.9 Unarmed Combat
 + Level 5.4 Spellcasting
 + Level 1.7 Conjurations
 + Level 1.7 Hexes
 + Level 1.7 Charms
 + Level 1.7 Summonings
 + Level 1.7 Necromancy
 + Level 1.7 Translocations
 + Level 4.2 Transmutations
 + Level 1.7 Fire Magic
 + Level 1.7 Ice Magic
 + Level 1.7 Air Magic
 + Level 1.7 Earth Magic
 + Level 1.7 Poison Magic
 + Level 2.3 Invocations
 + Level 2.1 Evocations


You had 9 spell levels left.
You knew the following spells:

 Your Spells              Type           Power        Failure   Level  Hunger
a - Beastly Appendage     Tmut           ###...       10%         1    None
b - Sticks to Snakes      Tmut           ###.....     12%         2    #......
c - Spider Form           Tmut/Pois      ##........   28%         3    ##.....

Your spell library contained the following spells:

 Spells                   Type           Power        Failure   Level  Hunger
 Ice Form                 Ice/Tmut       ##......     61%         4    ####...
 Blade Hands              Tmut           ###.......   77%         5    ######.


Dungeon Overview and Level Annotations

Branches:
Dungeon (4/15)
 Temple: D:4-7

Altars:
Okawaru


Innate Abilities, Weirdness & Mutations

Your experience applies equally to all skills.
((You have very sharp teeth.))
Your uncanny sense of smell can sniff out nearby items.


Message History

The mummy is destroyed!
There is a gate leading back out of this place here.
Unknown command.
Unknown command.
Casting: Sticks to Snakes (safe; 9% risk of failure)
Confirm with . or Enter, or press ? or * to list all spells.
You create a snake!
You now have 53 arrows.
Unknown command.
Your ball python bites the mummy.
Your ball python grabs the mummy.
Your ball python constricts the mummy.
Unknown command.
Casting: Sticks to Snakes (safe; 9% risk of failure)
Confirm with . or Enter, or press ? or * to list all spells.
You turn into a venomous arachnid creature.
Your scarf of repulsion melds into your body.
Your +0 pair of boots melds into your body.
Your +0 ring mail melds into your body.
The haze of the repulsion field disappears.
The mummy hits you!
You die...

.'M...⌠^...+
#.........#
#.......#
##.....##
###'### #.#
∆∆ ##M## ∆∆
∆ #.MS# ∆∆
#.Ss# #####


You could see 2 mummies and 2 friendly ball pythons.

Vanquished Creatures
  A jelly (D:4)
  Natasha (thrice) (D:2)
  2 mummies (Ossuary)
  4 adders
  3 gnolls (D:4)
  A worm (D:2)
  3 orcs (D:3)
  2 ball pythons
  A giant cockroach (D:3)
  3 goblins
  7 hobgoblins
  2 jackals (D:3)
  A quokka (D:3)
  6 bats
  A frilled lizard (D:3)
  A hobgoblin zombie (D:4)
  5 kobolds
  4 rats
50 creatures vanquished.

Vanquished Creatures (collateral kills)
  Grinder (D:3)
  A mummy (Ossuary)
2 creatures vanquished.

Grand Total: 52 creatures vanquished

Notes
Turn   | Place    | Note
-------+----------+-------------------------------------------
     0 | D:1      | inmateoo the Gnoll Transmuter began the quest for the Orb.
     0 | D:1      | Reached XP level 1. HP: 17/17 MP: 6/6
   617 | D:1      | Reached XP level 2. HP: 23/23 MP: 7/7
  1064 | D:2      | Noticed Natasha
  1072 | D:2      | Killed Natasha
  1072 | D:2      | Reached skill level 5 in Spellcasting
  1072 | D:2      | Reached XP level 3. HP: 20/28 MP: 7/9
  1079 | D:2      | Learned a level 2 spell: Sticks to Snakes
  1083 | D:2      | Learned a level 3 spell: Spider Form
  1261 | D:2      | Noticed Natasha
  1278 | D:2      | Killed Natasha
  1278 | D:2      | Reached skill level 1 in Short Blades
  1278 | D:2      | Reached skill level 1 in Long Blades
  1278 | D:2      | Reached skill level 1 in Axes
  1278 | D:2      | Reached skill level 1 in Maces & Flails
  1278 | D:2      | Reached skill level 1 in Polearms
  1278 | D:2      | Reached skill level 1 in Staves
  1278 | D:2      | Reached skill level 1 in Slings
  1278 | D:2      | Reached skill level 1 in Bows
  1278 | D:2      | Reached skill level 1 in Crossbows
  1278 | D:2      | Reached skill level 1 in Throwing
  1278 | D:2      | Reached skill level 1 in Armour
  1278 | D:2      | Reached skill level 1 in Stealth
  1278 | D:2      | Reached skill level 1 in Shields
  1278 | D:2      | Reached skill level 1 in Invocations
  1278 | D:2      | Reached skill level 1 in Evocations
  1278 | D:2      | Reached XP level 4. HP: 16/34 MP: 8/11
  1454 | D:2      | Noticed Natasha
  1462 | D:2      | Killed Natasha
  1777 | D:3      | Reached skill level 1 in Conjurations
  1777 | D:3      | Reached skill level 1 in Hexes
  1777 | D:3      | Reached skill level 1 in Charms
  1777 | D:3      | Reached skill level 1 in Summonings
  1777 | D:3      | Reached skill level 1 in Necromancy
  1777 | D:3      | Reached skill level 1 in Translocations
  1777 | D:3      | Reached skill level 1 in Fire Magic
  1777 | D:3      | Reached skill level 1 in Ice Magic
  1777 | D:3      | Reached skill level 1 in Air Magic
  1777 | D:3      | Reached skill level 1 in Earth Magic
  1777 | D:3      | Reached skill level 1 in Poison Magic
  2213 | D:3      | Reached XP level 5. HP: 40/40 MP: 12/12
  2214 | D:3      | Noticed Grinder
  2223 | D:3      | Paralysed by Grinder for 2 turns
  2241 | D:3      | Killed Grinder
  2241 | D:3      | Reached XP level 6. HP: 24/47 MP: 9/14
  2550 | D:3      | Reached skill level 5 in Dodging
  2936 | D:4      | Found an iron altar of Okawaru.
  3022 | D:4      | Noticed a phantom
  3035 | D:4      | Found a sand-covered staircase.
  3042 | Ossuary  | Entered an ossuary
  3166 | Ossuary  | Slain by a mummy

Skill      XL: |  1  2  3  4  5  6 |
---------------+-------------------+-----
Spellcasting   | 5 |  5.4
Short Blades   | 1 2 |  2.1
Long Blades    | 1 2 |  2.1
Axes           | 1 2 |  2.1
Maces & Flails | 1 2 |  2.1
Polearms       | 1 2 |  2.1
Staves         | 1 2 |  2.1
Slings         | 1 2 |  2.1
Bows           | 1 2 |  2.1
Crossbows      | 1 2 |  2.1
Throwing       | 1 2 |  2.1
Armour         | 1 2 |  2.1
Stealth        | 1 2 |  2.1
Shields        | 1 2 |  2.1
Invocations    | 1 2 |  2.3
Evocations     | 1 2 |  2.1
Conjurations   | 1 |  1.7
Hexes          | 1 |  1.7
Charms         | 1 |  1.7
Summonings     | 1 |  1.7
Necromancy     | 1 |  1.7
Translocations | 1 |  1.7
Fire Magic     | 1 |  1.7
Ice Magic      | 1 |  1.7
Air Magic      | 1 |  1.7
Earth Magic    | 1 |  1.7
Poison Magic   | 1 |  1.7
Fighting       | 3 |  3.3
Transmutations | 4 |  4.2
Dodging        | 5 |  5.0
Unarmed Combat | |  6.9

Action                   |  1- 3 |  4- 6 || total
-------------------------+-------+-------++-------
Melee: Unarmed           |    58 |   118 ||   176
       Bite              |     2 |    10 ||    12
       Punch             |     1 |     5 ||     6
       Headbutt          |     2 |     4 ||     6
       Kick              |       |     1 ||     1
 Cast: Beastly Appendage |     1 |     5 ||     6
       Sticks to Snakes  |     1 |     9 ||    10
       Spider Form       |       |     2 ||     2
 Stab: Distracted        |       |     1 ||     1
       Sleeping          |       |     2 ||     2
  Eat: Chunk             |     1 |     6 ||     7
Armor: Ring mail         |    32 |    24 ||    56
Dodge: Dodged            |    46 |    52 ||    98
